 Seeded DCSS version 0.28-a0-1624-g820543e53a (webtiles) character file.

Game seed: 20220124 (custom seed)

1 soggyman666 the Magician (level 1, 12/15 HPs)
             Began as a Djinni Fire Elementalist on Jan 24, 2022.
             Quit the game on level 1 of the Dungeon.
             The game lasted 00:00:10 (166 turns).

soggyman666 the Magician (Djinni Fire Elementalist)  Turns: 166, Time: 00:00:10

Health: 12/15      AC:  2    Str:  7    XL:     1   Next: 22%
Gold:   17         EV: 12    Int: 16    God:
                   SH:  0    Dex: 13

rFire   + + .      SeeInvis .   (no weapon)
rCold   x . .      Faith    .   (no shield)
rNeg    . . .      Spirit   .   a - +0 robe
rPois   ∞          Reflect  .   (no helmet)
rElec   .          Harm     .   (no cloak)
rCorr   .          Rampage  .   (no gloves)
Will    .....                   (boots unavailable)
Stlth   ++........              (no amulet)
HPRegen 0.05/turn               (no ring)
MPRegen 0.00/turn               (no ring)

@: flying
A: sickness immunity, fire resistance 2, cold vulnerability 1, float, innate
caster, hp casting, extra vitality 1
a: no special abilities


You were on level 1 of the Dungeon.
You visited 1 branch of the dungeon, and saw 1 of its levels.

You collected 17 gold pieces.

Inventory:

Armour
 a - a +0 robe (worn)
Scrolls
 b - a scroll of teleportation {unknown}


   Skills:
 + Level 2.2 Dodging
 + Level 1.5 Stealth
 + Level 2.4 Spellcasting


You couldn't memorise any spells.
You knew the following spells:

 Your Spells              Type           Power      Damage    Failure   Level
a - Foxfire               Conj/Fire      36%        2x1d5     7%          1
b - Scorch                Fire           18%        2d6       11%         2
c - Conjure Flame         Conj/Fire      9%         6-21      22%         3
d - Inner Flame           Hex/Fire       9%         N/A       22%         3
e - Flame Wave            Conj/Fire      9%         2d5       56%         4
Your spell library was empty.

Dungeon Overview and Level Annotations

Branches:
Dungeon (1/15)

Altars:


Innate Abilities, Weirdness & Mutations

You are immune to sickness and miasma.
You are immune to poison.
Your flesh is very heat resistant. (rF++)
You are vulnerable to cold. (rC-)
You float through the air rather than walking.
You learn spells naturally, not from books.
Your magical power is your life essence.
You have superior vitality. (+4 MHP)


Message History

Welcome, soggyman666 the Djinni Fire Elementalist.
Game seed: 20220124 (custom seed); Press ? for a list of commands and other information.
Found a staircase leading out of the dungeon.
You begin with the following spells memorised: Foxfire, Scorch, Conjure Flame, Inner Flame, Flame Wave.
You reach down and open the door.
There is an open door here.
A hobgoblin comes into view.
A hobgoblin is nearby!
You conjure some foxfire!
The hobgoblin shouts!
You conjure some foxfire!
The foxfire hits the hobgoblin.
The hobgoblin is moderately wounded.
You conjure some foxfire!
The foxfire hits the hobgoblin.
The hobgoblin is almost dead.
The foxfire hits the hobgoblin.
You kill the hobgoblin!
You conjure some foxfire!
Your foxfire dissipates!
Your foxfire dissipates! x2
HP restored.
Found a club.
You see here a hobgoblin corpse.
Found a stone staircase leading down.
You now have 17 gold pieces.
b - a scroll labelled ZEPHI RETIAMI A goblin comes into view.
It is wielding a +0 club.
A goblin is nearby!
A goblin is nearby!
A goblin is nearby!
A goblin is nearby!
You conjure some foxfire!
You conjure some foxfire!
The goblin shouts!
You conjure some foxfire!
The foxfire hits the goblin.
The goblin is moderately wounded.
There is not enough space to conjure foxfire!
There is not enough space to conjure foxfire!
Unknown command.
Are you sure you want to abandon this character and quit the game? (Confirm with "yes".)

... ... .g# #.#
#.## # #.. #####
#. #v#
....#####..#####@#
#..............vv#
#.#.#########.####
..#...........#
###############


You could see a goblin (ally target).

Vanquished Creatures
  A hobgoblin (D:1)
1 creature vanquished.

Vanquished Creatures (others)
  6 foxfires (D:1)
6 creatures vanquished.

Grand Total: 7 creatures vanquished

Notes
Turn   | Place    | Note
-------+----------+-------------------------------------------
     0 | D:1      | soggyman666 the Djinni Fire Elementalist began the quest
                  | for the Orb.
     0 | D:1      | Reached XP level 1. HP: 15/15 MP: 0/0
   166 | D:1      | Quit the game

Illustrated notes

Levels and vault maps discovered:
D:1:      psy_arrival_fountain, layout_loops_ring,
          dreamdust_ecumenical_altar_sealed_demon

Action                   || total
-------------------------++-------
 Cast: Foxfire           ||     7

Table legend: (Time is in decaauts)
 A = Elapsed time spent in this place.
 B = Non-inter-level travel time spent in this place.
 C = Inter-level travel time spent in this place.
 D = Time resting spent in this place.
 E = Time spent auto-exploring this place.
 F = Levels seen in this place.
 G = Mean time per level.
                   A        B        C        D        E       F      G
               +--------+--------+--------+--------+--------+-----+--------+
         Total |    166 |    166 |      0 |      0 |    152 |   1 |  166.0 |
       Dungeon |    166 |    166 |      0 |      0 |    152 |   1 |  166.0 |
               +--------+--------+--------+--------+--------+-----+--------+

Top non-repeatable levels by time:
     D:1: 166 daAuts
